Map: Jagannatha LE

Players

Diogenes

  • Race: Zerg Zerg
  • League: Silver
  • Spawn Location: 7:00

Drucifer - Winner!

  • Race: Terran Terran
  • League: Gold
  • Spawn Location: 1:00

VOD

Have the link to the VOD?

Description

Smurf terran or no?

Time

  • Played on: Jan. 29, 2021, 3:50 p.m.
  • Length: 12:22
Show
View Real Time Build Order
Export as new Build Order

Diogenes Zerg 

Build Orders: Hatch First 

Get SALT Encoding   

  12  0:04  Drone  
  13  0:13  Overlord  
  13  0:19  Drone  
  14  0:32  Drone x2  
  16  0:37  Drone  
  17  0:54  Hatchery  
  16  0:59  Drone  
  17  1:13  Spawning Pool  
  17  1:14  Drone  
  17  1:19  Drone  
  17  1:23  Drone  
  19  1:31  Drone  
  20  1:36  Extractor  
  19  1:41  Drone  
  20  1:52  Overlord  
  20  2:00  Queen  
  22  2:09  Queen  
  22  2:12  Drone x2  
  22  2:14  Drone  
  27  2:21  Drone  
  28  2:24  Drone  
  29  2:35  Extractor  
  28  2:37  Extractor  
  28  2:38  Lair  
  28  2:44  Drone x3  
  28  2:45  Queen  
  31  3:04  Drone x4  
  34  3:12  Evolution Chamber x2  
  32  3:16  Roach Warren  
  32  3:19  Drone  
  34  3:20  Drone x2  
  34  3:25  Drone x2  
  36  3:32  Overlord  
  36  3:51  Drone x7  
  36  3:54  Zerg Missile Weapons Level 1  
  43  3:59  Drone  
  43  4:02  Overlord  
  44  4:10  Zerg Ground Armor Level 1  
  44  4:21  Spore Crawler  
  44  4:23  Spore Crawler  
  42  4:25  Roach  
  42  4:26  Roach x3  
  52  4:31  Roach  
  52  4:43  Overlord  
  52  5:05  Drone x3  
  55  5:16  Roach  
  55  5:17  Roach  
  55  5:18  Overlord  
  55  5:19  Overlord  
  59  5:35  Overseer  
  59  5:48  Drone x12  
  59  5:49  Drone  
  72  5:53  Hatchery  
  71  6:07  Overlord x3  
  71  6:18  Extractor  
  70  6:20  Extractor  
  69  6:34  Drone x5  
  69  6:38  Roach  
  76  6:40  Queen x2  
  79  6:51  Drone x6  
  73  7:09  Roach x2  
  73  7:10  Roach x3  
  80  7:15  Queen  
  80  7:16  Queen  
  77  7:31  Roach x5  
  75  7:44  Roach x2  
  63  7:53  Roach x4  
  65  8:13  Roach x4  
  71  8:28  Roach x6  
  83  8:36  Roach  
  83  8:37  Hatchery  
  84  8:53  Roach x4  
  84  8:55  Overlord  
  92  9:01  Hatchery  
  91  9:21  Drone x4  
  91  9:23  Drone  
  96  9:35  Drone x4  
  100  9:39  Overlord  
  101  9:52  Drone  
  101  9:53  Drone x5  
  106  10:01  Hydralisk Den  
  106  10:04  Infestation Pit  
  106  10:05  Roach, Spire  
  106  10:06  Roach x4  
  113  10:27  Roach  
  113  10:28  Roach x7  
  119  10:33  Drone x6  
  113  10:44  Roach x4  
  113  10:48  Grooved Spines  
  103  10:52  Queen  
  81  11:04  Roach x7  
  93  11:16  Roach x3  
  99  11:18  Hydralisk x2  
  99  11:21  Overseer  
  103  11:28  Hydralisk x5  
  103  11:56  Hydralisk x5  
Show
View Real Time Build Order
Export as new Build Order

Drucifer Terran - Winner!

Build Orders: Reaper Expand 

Get SALT Encoding   

  12  0:00  SCV  
  13  0:12  SCV  
  14  0:21  Supply Depot  
  14  0:29  SCV  
  15  0:43  SCV  
  15  0:46  Barracks  
  16  0:51  Refinery  
  16  0:55  SCV  
  17  1:07  SCV  
  18  1:19  SCV  
  19  1:36  Reaper  
  19  1:38  Orbital Command  
  20  1:42  Command Center  
  20  2:03  SCV  
  21  2:08  Barracks Reactor  
  21  2:12  Supply Depot  
  21  2:15  SCV  
  22  2:16  Refinery  
  22  2:27  SCV  
  23  2:37  Factory  
  23  2:39  SCV  
  24  2:46  Marine x2  
  26  2:51  SCV  
  27  3:01  Orbital Command  
  27  3:03  SCV  
  28  3:15  SCV  
  29  3:21  Marine x2  
  29  3:23  Factory Reactor  
  29  3:26  Supply Depot  
  31  3:31  Starport  
  31  3:37  Barracks  
  31  3:38  Barracks  
  31  3:40  Barracks  
  31  3:44  Marine x2  
  33  3:49  SCV  
  33  3:52  SCV  
  35  4:01  SCV  
  35  4:02  Supply Depot  
  36  4:05  SCV, Widow Mine  
  36  4:06  Widow Mine  
  41  4:10  Starport Reactor  
  41  4:14  SCV  
  42  4:17  Marine  
  42  4:18  Marine  
  42  4:22  SCV  
  45  4:26  Refinery  
  45  4:31  Refinery  
  45  4:35  Marine  
  45  4:36  Marine  
  47  4:39  SCV  
  47  4:40  SCV  
  47  4:44  Supply Depot  
  49  4:46  Barracks Reactor, Barracks Tech Lab  
  49  4:48  Barracks Tech Lab  
  49  4:51  SCV  
  49  4:52  SCV  
  51  5:04  SCV  
  52  5:10  Marauder x2  
  52  5:12  Concussive Shells, Stimpack  
  56  5:15  Medivac x2  
  56  5:16  Marine x2  
  62  5:22  SCV  
  62  5:23  SCV  
  64  5:29  Supply Depot x2  
  64  5:31  Marine  
  64  5:33  Marine x2  
  64  5:34  SCV  
  66  5:49  Marine  
  66  5:50  Marine, Marauder  
  66  5:51  Marauder  
  66  5:55  Combat Shield  
  72  6:05  SCV  
  72  6:11  Engineering Bay  
  72  6:12  Marauder  
  72  6:14  Engineering Bay, Marine x3  
  72  6:15  Marauder  
  79  6:25  Widow Mine x2  
  83  6:33  Marauder  
  83  6:35  Armory  
  83  6:37  SCV  
  86  6:47  Supply Depot  
  86  6:49  Supply Depot  
  86  6:54  Widow Mine  
  86  7:08  Marine x4  
  86  7:09  SCV x2, Marauder  
  86  7:11  Marauder  
  96  7:21  SCV x2  
  98  7:26  Marine x3  
  100  7:30  Marauder  
  100  7:32  Marauder  
  100  7:42  Marine  
  95  7:44  Marine  
  93  7:52  Marauder  
  93  7:53  Marauder  
  93  8:00  Marine  
  93  8:01  Marine  
  94  8:13  Marauder  
  94  8:15  Marauder  
  100  8:20  Widow Mine x2  
  100  8:22  Command Center  
  102  8:47  Marine x3  
  102  8:48  Marauder x2  
  109  8:50  Command Center  
  109  8:52  Supply Depot  
  109  8:53  Terran Infantry Armor Level 1, Terran Infantry Weapons Level 1  
  109  8:55  Supply Depot  
  109  9:13  Medivac, Marine x2, Marauder x2  
  109  9:14  Marine  
  118  9:20  Medivac  
  120  9:35  Marauder x2  
  120  9:37  Supply Depot  
  124  9:39  Supply Depot  
  124  9:42  Marine x2  
  124  9:43  Marine x2  
  128  9:49  Supply Depot  
  128  9:53  Orbital Command  
  128  9:56  Marauder x2  
  132  10:00  Marine x4  
  132  10:01  Supply Depot  
  136  10:18  Marauder x2  
  106  11:15  Marine  
  106  11:16  Marine x3, Marauder x2  
  114  11:19  Widow Mine  
  114  11:20  Widow Mine  
  118  11:27  Medivac x2  
  122  11:37  Marauder x2  
  126  11:41  Widow Mine x2  
  126  11:42  Marine x2  
  126  11:49  Marine x2  
  128  11:58  Marauder x2  
  128  11:59  Marine  
  128  12:00  Marine  
Tags
 
Add a new tag
Caveats
  • Supply blocks, unpowered buildings, or Contaminate may cause inaccurate times.
  • Supply counts are checked every 10 seconds.